 Dungeon Crawl Stone Soup version 0.28.0 (webtiles) character file.

Game seed: 12435559794494747973

1600 browni3141 the Carver (level 8, -2/60 HPs)
             Began as a Barachi Abyssal Knight on Feb 5, 2022.
             Was a Priest of Lugonu.
             Slain by an orc wizard (3 damage)
             ... on level 6 of the Dungeon.
             The game lasted 00:50:56 (8350 turns).

browni3141 the Carver (Barachi Abyssal Knight)      Turns: 8350, Time: 00:50:56

Health: -2/60      AC:  7    Str: 16    XL:     8   Next: 94%
Magic:  0/9        EV: 11    Int: 11    God:    Lugonu [***...]
Gold:   226        SH:  0    Dex: 19    Spells: 7/7 levels left

rFire   + . .      SeeInvis .   a - +0 hunting sling
rCold   + . .      Faith    .   (no shield)
rNeg    + . .      Spirit   +   o - +0 ring mail
rPois   +          Reflect  .   (no helmet)
rElec   +          Harm     .   (no cloak)
rCorr   +          Rampage  .   C - +0 pair of gloves
Will    .....                   (no boots)
Stlth   ..........              i - amulet of guardian spirit
HPRegen 0.20/turn               j - ring of positive energy
MPRegen 0.11/turn               r - +6 ring of dexterity

@: confused, resistant, ambrosia-drunk, unable to hop, attractive, slow
A: amphibious, slowness 1, strong legs 1, +LOS
a: Hop, Renounce Religion, Depart the Abyss, Bend Space, Banish


You were on level 6 of the Dungeon.
You worshipped Lugonu.
Lugonu was most pleased with you.
You visited 1 branch of the dungeon, and saw 6 of its levels.
You visited the Abyss 1 time.

You collected 226 gold pieces.

Inventory:

Hand Weapons
 a - a +0 hunting sling (weapon)
 b - a +0 dagger of venom
 c - a +1 falchion
 A - a +2 great sword
Missiles
 h - 57 sling bullets (quivered ammo)
 n - 89 stones
Armour
 k - a +0 plate armour
 o - a +0 ring mail (worn)
 q - a +0 leather armour
 t - a +0 chain mail
 C - a +0 pair of gloves (worn)
Jewellery
 i - an amulet of guardian spirit (around neck)
 j - a ring of positive energy (left hand)
 r - a +6 ring of dexterity (right hand)
 z - a ring of wizardry
Wands
 y - a wand of digging (6)
Scrolls
 d - a scroll of torment
 f - a scroll of magic mapping
 p - a scroll of enchant armour {unknown}
 s - a scroll of amnesia {unknown}
 u - a scroll of immolation {unknown}
 w - a scroll of fog {unknown}
 x - a scroll of fear {unknown}
 D - a scroll of vulnerability {unknown}
 E - a scroll of teleportation {unknown}
Potions
 e - 2 potions of brilliance


   Skills:
 - Level 4.0 Fighting
 * Level 10.9 Long Blades
 - Level 5.0 Slings
 - Level 4.0 Armour
 - Level 2.0 Dodging
 - Level 1.0 Stealth
 - Level 1.5 Invocations


You had 7 spell levels left.
You didn't know any spells.
Your spell library was empty.

Dungeon Overview and Level Annotations

Branches:
Dungeon (6/15)             Temple (0/1) D:6

Altars:
Dithmenos
Fedhas
Hepliaklqana
Qazlal
Ru
Trog
Uskayaw
Vehumet
Wu Jian

Annotations:
D:3 exclusion: downstairs


Innate Abilities, Weirdness & Mutations

You are amphibious.
You cover ground slowly.
You can hop short distances.
You have an extended range of vision and can be seen from far away.


Message History

Found a scroll of noise.
Something is attracted toward you.
The howler monkey skeleton is attracted toward you.
There is an open door here.
Unknown command.
Unknown command.
You fail to use your ability.
The orc warrior barely misses you.
Unknown command.
You fail to use your ability.
Something hits you but does no damage.
The orc warrior hits you with a +0 flail!
* * * LOW HITPOINT WARNING * * *
Unknown command.
Unknown command.
Okay, then.
Unknown command.
Okay, then.
Okay, then.
Okay, then.
Aiming: Dig
Press: ? - help, Shift-Dir - straight line Digging in that direction won't affect any walls.
A stone staircase leading down.
Okay, then.
Unknown command.
Okay, then.
Okay, then.
Okay, then.
Unknown command.
Okay, then.
Unknown command.
Okay, then.
You don't know any spells.
Unknown command.
Okay, then.
Unknown command.
You are confused.
You feel invigorated. Something hits you.
The orc warrior hits you with a +0 flail!
* * * LOW HITPOINT WARNING * * *
Something hits you.
You die...

########### #(.........
#.[.?..... #........(......#
...............# .§
#..##..........#
...[F##@###..........#
#...Zo.............#
#..........!.......#
#...##...#..........#
#.............>.....# ##.
≈.§≈............# #
.§§§.............# ..#.#..(...
..≈$§≈.........[..#
.#.#.#(...##..§.§§≈...........#


You could see an orc warrior and a howler monkey skeleton.

Vanquished Creatures
  Grinder (D:5)
  Sigmund (D:4)
  Edmund (D:4)
  Duvessa (D:4)
  2 ogres
  A phantom (D:5)
  A scorpion (D:6)
  Dowan (D:3)
  4 wights (D:3)
  3 hounds
  An orc priest (D:6)
  3 iguanas
  Natasha (thrice) (D:3)
  A hound skeleton (D:5)
  A howler monkey skeleton (D:4)
  2 river rats (D:4)
  6 adders
  3 gnolls (D:3)
  2 white imps (D:5)
  An adder skeleton (D:4)
  4 worms
  2 orcs
  9 ball pythons
  2 bats (D:2)
  8 endoplasms
  3 giant cockroaches
  6 goblins
  13 hobgoblins
  7 kobolds
  4 quokkas
  A frilled lizard (D:2)
  2 rats
100 creatures vanquished.

Notes
Turn   | Place    | Note
-------+----------+-------------------------------------------
     0 | Abyss:1  | browni3141 the Barachi Abyssal Knight began the quest for
                  | the Orb.
     0 | Abyss:1  | Reached XP level 1. HP: 18/18 MP: 2/2
     0 | D:1      | Escaped the Abyss
   390 | D:1      | Reached skill level 1 in Stealth
   508 | D:1      | Reached XP level 2. HP: 24/24 MP: 3/3
   596 | D:1      | Reached skill level 3 in Long Blades
   621 | D:1      | Reached * piety under Lugonu
  1033 | D:2      | Found a blossoming altar of Fedhas.
  1364 | D:1      | Reached XP level 3. HP: 27/29 MP: 4/4
  1437 | D:1      | Reached skill level 4 in Long Blades
  2041 | D:2      | Identified the +0 dagger of Honour {vamp, rC- Str+6 Int+5}
  2592 | D:2      | Found a faded altar of an unknown god.
  2729 | D:2      | Reached XP level 4. HP: 27/36 MP: 5/5
  2992 | D:3      | Noticed Natasha
  3000 | D:3      | Killed Natasha
  3001 | D:3      | Reached skill level 5 in Long Blades
  3592 | D:4      | Noticed Sigmund
  3604 | D:4      | Killed Sigmund
  3605 | D:4      | Reached skill level 6 in Long Blades
  3605 | D:4      | Reached skill level 7 in Long Blades
  3605 | D:4      | Reached XP level 5. HP: 34/42 MP: 4/6
  3605 | D:4      | Reached XP level 6. HP: 38/48 MP: 4/7
  3633 | D:4      | Found a hazy altar of Hepliaklqana.
  3633 | D:4      | Found an ornate altar of the Wu Jian Council.
  3834 | D:4      | Noticed Dowan
  3889 | D:4      | Noticed Edmund
  3913 | D:4      | Killed Edmund
  3914 | D:4      | Reached skill level 8 in Long Blades
  4244 | D:4      | Noticed Duvessa
  4282 | D:3      | Found a blossoming altar of Fedhas.
  4326 | D:3      | Reached ** piety under Lugonu
  4349 | D:3      | Noticed Natasha
  4363 | D:3      | Killed Natasha
  4479 | D:3      | Found Navaeck's Distillery.
  4561 | D:3      | Found a hide-covered altar of Uskayaw.
  4564 | D:3      | Found a sacrificial altar of Ru.
  4564 | D:3      | Found a bloodstained altar of Trog.
  4690 | D:3      | Noticed Natasha
  4696 | D:3      | Killed Natasha
  4697 | D:3      | Reached XP level 7. HP: 54/54 MP: 8/8
  5319 | D:3      | Reached skill level 1 in Slings
  6282 | D:4      | Killed Duvessa
  6283 | D:4      | Reached XP level 8. HP: 42/60 MP: 9/9
  6421 | D:3      | Killed Dowan
  6422 | D:3      | Reached skill level 5 in Slings
  6840 | D:5      | Entered Level 5 of the Dungeon
  6905 | D:5      | Noticed Grinder
  6917 | D:5      | Killed Grinder
  6918 | D:5      | Reached skill level 9 in Long Blades
  7192 | D:5      | Reached *** piety under Lugonu
  7811 | D:6      | Reached skill level 10 in Long Blades
  7862 | D:6      | Found a radiant altar of Vehumet.
  7897 | D:6      | Found a stormy altar of Qazlal.
  8091 | D:6      | Found a shadowy altar of Dithmenos.
  8294 | D:6      | Found a staircase to the Ecumenical Temple.
  8336 | D:6      | HP: 3/60 [orc priest/divine providence (14)]
  8338 | D:6      | HP: 1/60 [something/magic dart (4)]
  8349 | D:6      | HP: 1/60 [orc warrior (4)]
  8350 | D:6      | Slain by an orc wizard

Illustrated notes

Levels and vault maps discovered:
D:1:      dpeg_arrival_round_a, layout_loops_ring
D:2:      layout_basic, basic_ecumenical_altar, basic_altar
D:3:      layout_loops_ring, mainiacjoe_overflow_alcove_1,
          grunt_temple_overflow_diamond, serial_shops, shop, uniq_natasha
D:4:      layout_basic, chequers_temple_overflow_statue_of_worship,
          portal_sewer_entry_a, uniq_duvessa, uniq_sigmund, uniq_edmund
D:5:      layout_basic, uniq_grinder
D:6:      layout_gridville, nicolae_dithmenos_shadow_blocks,
          nicolae_qazlal_scattered_showers,
          mainiacjoe_overflow_concentric_impassable, minmay_temple_entry_grid,
          minmay_starry_boxes

Skill      XL: |  1  2  3  4  5  6  7  8 |
---------------+-------------------------+-----
Stealth        | 1 |  1.0
Long Blades    | 3 4 7 8 10 | 10.9
Fighting       | 4 |  4.0
Armour         | 3 4 |  4.0
Dodging        | 2 |  2.0
Slings         | 4 5 |  5.0
Invocations    | |  1.5

Action                   |  1- 3 |  4- 6 |  7- 9 || total
-------------------------+-------+-------+-------++-------
Melee: Falchion          |    95 |    20 |    38 ||   153
       Dagger            |     3 |    62 |   100 ||   165
       Great sword       |       |       |     3 ||     3
 Fire: Hunting sling     |       |     7 |    86 ||    93
Throw: Stone             |    48 |     9 |    12 ||    69
       Dart              |       |    10 |    10 ||    20
Invok: Depart the Abyss  |     1 |       |       ||     1
       Bend Space        |       |       |     3 ||     3
 Abil: Hop               |     1 |     7 |     7 ||    15
Evoke: Wand              |     1 |     3 |       ||     4
  Use: Scroll            |     2 |     1 |     2 ||     5
       Potion            |       |     2 |     8 ||    10
 Stab: Sleeping          |       |       |     1 ||     1
Armor: Leather armour    |    20 |     2 |       ||    22
       Ring mail         |       |    22 |    32 ||    54
Dodge: Dodged            |    48 |    64 |    77 ||   189
